 Dungeon Crawl Stone Soup version 0.29-a0-334-gb41bcbb86e (webtiles) character file.

Game seed: 2493345840045244919

3557 Jortsu the Cleaver (level 10, 0/88 HPs)
             Began as a Hill Orc Fighter on Apr 14, 2022.
             Was a Follower of Beogh.
             Slain by a killer bee (2 damage)
             ... on level 8 of the Dungeon.
             The game lasted 00:11:28 (8327 turns).

Jortsu the Cleaver (Hill Orc Fighter)               Turns: 8327, Time: 00:11:29

Health: 0/88       AC: 16    Str: 24    XL:     10   Next: 9%
Magic:  10/10      EV:  7    Int: 13    God:    Beogh [*.....]
Gold:   1097       SH:  5    Dex: 13    Spells: 9/9 levels left

rFire   . . .      SeeInvis .   a - +0 war axe (venom)
rCold   . . .      Faith    .   c - +0 buckler
rNeg    . . .      Spirit   .   r - +0 plate armour of Pyimn {Dex+3}
rPois   .          Reflect  .   y - +2 helmet {Int+3}
rElec   .          Harm     .   (no cloak)
rCorr   .          Rampage  .   (no gloves)
Will    .....                   (no boots)
Stlth   ..........              b - amulet of Gasen {Regen+ Int+2}
HPRegen 1.04/turn               (no ring)
MPRegen 0.12/turn               (no ring)

@: lethally poisoned (0 -> -1), slowed, very slow
A: no striking features
a: Renounce Religion


You were on level 8 of the Dungeon.
You worshipped Beogh.
Beogh was aware of your devotion.
You visited 1 branch of the dungeon, and saw 8 of its levels.

You collected 1097 gold pieces.

Inventory:

Hand Weapons
 a - a +0 war axe of venom (weapon)
Missiles
 w - a throwing net (quivered)
Armour
 c - a +0 buckler (worn)
 e - a +1 plate armour
 r - the +0 plate armour of Pyimn (worn) {Dex+3}
   (You found it on level 5 of the Dungeon)

   Dex:       It affects your dexterity (+3).
 y - a +2 helmet of intelligence (worn)
Jewellery
 b - the amulet of Gasen (around neck) {Regen+ Int+2}
   (You found it on level 6 of the Dungeon)

   [amulet of regeneration]

   Int:       It affects your intelligence (+2).
   Regen:     It increases your rate of health regeneration.
 k - a ring of wizardry
Wands
 t - a wand of digging (4)
 z - a wand of mindburst (23)
Scrolls
 l - a scroll of teleportation
 m - 2 scrolls of brand weapon
 v - a scroll of amnesia
 A - a scroll of immolation
 B - a scroll of blinking {unknown}
 C - a scroll of identify
Potions
 d - a potion of might
 f - 3 potions of heal wounds
 g - 3 potions of flight
 h - 3 potions of lignification
 i - 3 potions of curing
 j - a potion of magic
 n - 2 potions of berserk rage
 o - a potion of experience {unknown}
 p - a potion of haste
 q - 3 potions of mutation {unknown}
 s - 2 potions of cancellation {unknown}
 u - a potion of brilliance {unknown}
 x - a potion of ambrosia {unknown}


   Skills:
 + Level 8.2 Fighting
 + Level 12.9 Axes
 + Level 8.0 Armour
 + Level 0.7 Dodging
 + Level 0.8 Stealth
 + Level 5.7 Shields


You had 9 spell levels left.
You didn't know any spells.
Your spell library contained the following spells:

 Spells                   Type           Power      Damage    Failure   Level
 Apportation              Tloc           0%         N/A       99%         1
 Foxfire                  Conj/Fire      0%         2x1d4     99%         1
 Corpse Rot               Necr/Air       0%         N/A       100%        2
 Ensorcelled Hibernation  Hex/Ice        0%         N/A       100%        2
 Call Canine Familiar     Summ           0%         N/A       100%        3
 Conjure Flame            Conj/Fire      0%         6-21      100%        3
 Inner Flame              Hex/Fire       0%         N/A       100%        3
 Lesser Beckoning         Tloc           0%         N/A       100%        3
 Portal Projectile        Hex/Tloc       0%         N/A       100%        3
 Flame Wave               Conj/Fire      0%         2d4       100%        4
 Leda's Liquefaction      Hex/Erth       0%         N/A       100%        4
 Summon Mana Viper        Hex/Summ       0%         N/A       100%        5
 Haunt                    Necr/Summ      0%         N/A       100%        7
 Infestation              Necr           0%         N/A       100%        8


Dungeon Overview and Level Annotations

Branches:
Dungeon (8/15)             Temple (0/1) D:5
   Lair: D:8-11

Altars:
Xom
Lugonu

Shops:
D:2 :   D:8 !

Portals:
Abyss: D:7


Message History

You feel as though you will be slow longer.
The wraith passes through a web.
The freezing wraith attacks as you move away!
The freezing wraith hits you but does no damage.
You block the freezing wraith's attack.
Your surroundings suddenly seem different. 3 killer bees and a hornet come into view.
Found a glowing short sword.
The killer bee buzzes angrily. x3
The killer bee barely misses you. The hornet closely misses you.
The killer bee stings you but does no damage. x2
The hornet stings you but does no damage.
You barely miss the killer bee. You hit the killer bee.
You closely miss the hornet.
The killer bee stings you but does no damage.
You block the killer bee's attack. The hornet stings you!
* * * LOW HITPOINT WARNING * * *
You suddenly lose the ability to move!
The killer bee stings you.
* * * LOW HITPOINT WARNING * * *
The killer bee stings you!
* * * LOW HITPOINT WARNING * * *
You are poisoned.
The killer bee poisons you!
The killer bee stings you but does no damage.
The hornet stings you but does no damage.
The killer bee barely misses you.
The killer bee stings you but does no damage. x2
The hornet stings you but does no damage.
You can move again.
You slash the hornet!
The hornet is poisoned.
The hornet is heavily wounded.
You miss the killer bee. You slash the killer bee!
The killer bee is poisoned.
You closely miss the killer bee.
* * * LOW HITPOINT WARNING * * *
You feel very sick.
The killer bee stings you but does no damage.
You block the killer bee's attack. x2; The killer bee barely misses you.
The killer bee stings you but does no damage.
The killer bee stings you.
You die...

...# ...#
...# ####
#
#########
....)...#
........#
......y.#
......y@#
......yy#
........#
........#
........#
........#
........#
#######.#


You could see a hornet (very poisoned) and 3 killer bees.

Vanquished Creatures
  Pikel (D:5)
  Joseph (D:7)
  A troll (D:8)
  A hornet (D:7)
  A steam dragon (D:8)
  Eustachio (D:6)
  Edmund (D:5)
  Duvessa (D:5)
  A black bear (D:6)
  2 ice beasts
  A centaur (D:5)
  2 ogres
  2 lemures (D:5)
  A phantom (D:5)
  3 kobold brigands (D:7)
  A bullfrog (D:8)
  2 necrophages
  6 scorpions
  Dowan (D:5)
  3 howler monkeys (D:8)
  3 hounds
  4 orc wizards
  Ijyb (D:5)
  2 iguanas
  3 gnolls (D:5)
  3 adders
  A shadow imp (D:3)
  2 worms
  4 dart slugs
  12 orcs
  4 ball pythons
  9 endoplasms
  2 giant cockroaches
  10 goblins
  14 hobgoblins
  3 jackals (D:4)
  17 kobolds
  5 quokkas
  4 bats
  4 frilled lizards
  7 rats
147 creatures vanquished.

Vanquished Creatures (others)
  Menkaure (D:7)
  2 orc priests (D:7)
  An orc wizard (D:7)
  An adder (D:7)
  An orc (D:7)
6 creatures vanquished.

Grand Total: 153 creatures vanquished

Notes
Turn   | Place    | Note
-------+----------+-------------------------------------------
     0 | D:1      | Jortsu the Hill Orc Fighter began the quest for the Orb.
     0 | D:1      | Reached XP level 1. HP: 19/19 MP: 1/1
   170 | D:1      | Reached XP level 2. HP: 7/27 MP: 2/2
   437 | D:1      | Got the Almanac of the Dark Frostbite
   526 | D:1      | Found a faded altar of an unknown god.
   609 | D:1      | Reached skill level 3 in Axes
   770 | D:1      | Reached XP level 3. HP: 30/33 MP: 3/3
  1258 | D:2      | Found Nacog's Book Shop.
  1905 | D:2      | Identified a scroll of acquirement
  1905 | D:2      | Acquired 558 gold pieces
  2291 | D:3      | Reached XP level 4. HP: 39/40 MP: 4/4
  2326 | D:3      | Reached skill level 4 in Axes
  2666 | D:3      | Got Sif Muna's Collected Works on the Fetching Voyage
  3061 | D:4      | Reached XP level 5. HP: 45/46 MP: 5/5
  3075 | D:4      | Reached skill level 5 in Axes
  3415 | D:4      | Reached skill level 6 in Axes
  3450 | D:4      | Reached XP level 6. HP: 46/52 MP: 6/6
  3937 | D:5      | Entered Level 5 of the Dungeon
  4048 | D:5      | Reached skill level 7 in Axes
  4081 | D:5      | Identified the +0 plate armour of Pyimn {Dex+3}
  4104 | D:5      | Found a shimmering altar of Xom.
  4165 | D:5      | Noticed an ice beast
  4165 | D:5      | Noticed Pikel
  4190 | D:4      | Killed an ice beast
  4191 | D:4      | Reached skill level 5 in Fighting
  4191 | D:4      | Reached XP level 7. HP: 49/61 MP: 7/7
  4275 | D:5      | Reached skill level 8 in Axes
  4322 | D:5      | Killed Pikel
  4323 | D:5      | Reached skill level 9 in Axes
  4323 | D:5      | Reached XP level 8. HP: 48/70 MP: 8/8
  4475 | D:5      | Noticed Dowan
  4476 | D:5      | Noticed Duvessa
  4491 | D:5      | Killed Duvessa
  4492 | D:5      | Reached skill level 5 in Armour
  4495 | D:5      | Killed Dowan
  4860 | D:5      | Reached skill level 10 in Axes
  4899 | D:5      | Noticed Ijyb
  4913 | D:5      | Killed Ijyb
  5080 | D:5      | Noticed Edmund
  5094 | D:5      | Killed Edmund
  5207 | D:5      | Found a staircase to the Ecumenical Temple.
  5574 | D:6      | Identified the amulet of Gasen {Regen+ Int+2}
  5622 | D:6      | Noticed Eustachio
  5642 | D:7      | Became a worshipper of Beogh the Brigand
  5674 | D:7      | Killed Menkaure
  5793 | D:6      | Killed Eustachio
  5794 | D:6      | Reached skill level 11 in Axes
  5794 | D:6      | Reached XP level 9. HP: 78/79 MP: 9/9
  6525 | D:7      | Reached skill level 5 in Shields
  6926 | D:7      | Noticed a hornet
  6934 | D:7      | Killed a hornet
  6963 | D:7      | Found a one-way gate to the infinite horrors of the Abyss.
  6963 | D:7      | Identified the +4 dagger of Vanity {distort, rC+ rCorr
                  | Str+3 Int-5}
  7178 | D:7      | Found a large runed translucent door.
  7179 | D:7      | Found a large runed translucent door.
  7179 | D:7      | Found a corrupted altar of Lugonu.
  7411 | D:7      | Noticed Joseph
  7428 | D:7      | Killed Joseph
  7429 | D:7      | Reached skill level 12 in Axes
  8189 | D:8      | Noticed a troll
  8216 | D:8      | Killed a troll
  8217 | D:8      | Reached XP level 10. HP: 73/88 MP: 10/10
  8250 | D:8      | Reached * piety under Beogh
  8255 | D:8      | Found Qafixo's Distillery.
  8301 | D:8      | Noticed a death knight
  8326 | D:8      | Paralysed by a hornet for 1 turns
  8326 | D:8      | HP: 4/88 [killer bee (7)]
  8327 | D:8      | Slain by a killer bee

Illustrated notes

Levels and vault maps discovered:
D:1:      dpeg_chamrin_arrival_tetris, layout_rooms,
          shapermc_ecumenical_altar_gd
D:2:      layout_basic, serial_shops, shop
D:3:      cheibrodos_greedy_goblins, layout_basic
D:4:      layout_cave_pods, minmay_misc_feat_nine_boxes
D:5:      layout_basic, tgw_xom, temple_hall, uniq_edmund, uniq_duvessa,
          uniq_pikel, uniq_ijyb
D:6:      layout_basic, uniq_eustachio
D:7:      due_chaos_kobolds, layout_basic, uniq_joseph, uniq_menkaure
D:8:      layout_basic, serial_shops, shop, enter_bailey_3, corner_web_ring,
          nicolae_concentric_dashed_squares_mild

Skill      XL: |  1  2  3  4  5  6  7  8  9 10 |
---------------+-------------------------------+-----
Axes           | 3 4 6 7 9 11 12 | 12.9
Fighting       | 4 5 6 7 8 |  8.2
Shields        | 4 5 |  5.7
Armour         | 4 6 7 8 |  8.0
Dodging        | |  0.7
Stealth        | |  0.8

Action                   |  1- 3 |  4- 6 |  7- 9 | 10-12 || total
-------------------------+-------+-------+-------+-------++-------
Melee: War axe           |   127 |   110 |   216 |    27 ||   480
Invok: Convert to Beogh  |       |       |     1 |       ||     1
  Use: Scroll            |     7 |     5 |     5 |     1 ||    18
Armor: Scale mail        |    45 |       |       |       ||    45
       Plate armour      |    40 |    71 |   114 |    33 ||   258
Dodge: Dodged            |    61 |    26 |    59 |    10 ||   156
Block: Buckler           |    32 |    25 |    44 |    11 ||   112

Table legend: (Time is in decaauts)
 A = Elapsed time spent in this place.
 B = Non-inter-level travel time spent in this place.
 C = Inter-level travel time spent in this place.
 D = Time resting spent in this place.
 E = Time spent auto-exploring this place.
 F = Levels seen in this place.
 G = Mean time per level.
                   A        B        C        D        E       F      G
               +--------+--------+--------+--------+--------+-----+--------+
         Total |   8416 |   8259 |    157 |   1573 |   5140 |   8 | 1052.0 |
       Dungeon |   8416 |   8259 |    157 |   1573 |   5140 |   8 | 1052.0 |
               +--------+--------+--------+--------+--------+-----+--------+

Top non-repeatable levels by time:
     D:7: 1751 daAuts
     D:5: 1510 daAuts
     D:3: 1078 daAuts
     D:1: 1068 daAuts
     D:4: 1048 daAuts
     D:2: 890 daAuts
     D:6: 859 daAuts
     D:8: 208 daAuts
